NCAA
OKLAHOMA STATE COWBOYS @ LOUISIANA STATE TIGERS
02/28/2060
 
TOP OF THE 1ST
Oklahoma State Cowboys batting - Pitching for Louisiana State Tigers : LHP Ben Williams
Pitching: LHP Ben Williams
Batting: RHB Roscoe Carroll 0-0: Called Strike
0-1: Ball
1-1: Ball
2-1: Ball
3-1: Foul Ball, location: 2F
3-2: Strikes out looking
Batting: SHB Julian Thrash 0-0: Called Strike
0-1: Called Strike
0-2: Ball
1-2: Foul Ball, location: 2F
1-2: SINGLE (Groundball, 56D, EV 102.5 MPH)
Batting: LHB Al Damiani 0-0: Called Strike
0-1: Ball
1-1: Foul Ball, location: 2F
1-2: Fly out, F7 (Flyball, 7S, EV 95.0 MPH)
Batting: RHB James Vestal 0-0: Ground out 4-3 (Groundball, 4, EV 81.2 MPH)
Top of the 1st over - 0 runs, 1 hit, 0 errors, 1 left on base; Oklahoma State 0 - Louisiana State 0
BOTTOM OF THE 1ST
Louisiana State Tigers batting - Pitching for Oklahoma State Cowboys : RHP Tom Jones
Pitching: RHP Tom Jones
Batting: SHB Ishmael Robertson 0-0: Ball
1-0: Foul Ball, location: 2F
1-1: Ball
2-1: Foul Ball, location: 2F
2-2: Ball
3-2: Foul Ball, location: 2F
3-2: SINGLE (Groundball, 3D, EV 100.0 MPH)
Batting: LHB James Brown 0-0: Called Strike
Ishmael Robertson steals 2nd base
0-1: Foul Ball, location: 2F
0-2: Foul Ball, location: 2F
0-2: Foul Ball, location: 2F
0-2: Foul Ball, location: 2F
0-2: Foul Ball, location: 2F
0-2: Fly out, F9 (Flyball, 9LS, EV 84.4 MPH)
Batting: RHB Darien Kerstetter 0-0: Foul Ball, location: 2F
0-1: Ball
1-1: Ball
2-1: Ground out 4-3 (Groundball, 34, EV 80.0 MPH)
Ishmael Robertson to third
Batting: RHB Alan Mullally 0-0: SINGLE (Groundball, 4D, EV 105.0 MPH)
Ishmael Robertson scores
Batting: SHB Malcolm Smith 0-0: Fly out, F9 (Line Drive, 9D, EV 90.6 MPH)
Bottom of the 1st over - 1 run, 2 hits, 0 errors, 1 left on base; Oklahoma State 0 - Louisiana State 1
TOP OF THE 2ND
Oklahoma State Cowboys batting - Pitching for Louisiana State Tigers : LHP Ben Williams
Batting: LHB Tyrone Beil 0-0: Called Strike
0-1: Swinging Strike
0-2: Ball
1-2: Strikes out swinging
Batting: RHB Peyton Acton 0-0: Called Strike
0-1: Ball
1-1: Ball
2-1: Foul Ball, location: 2F
2-2: Strikes out swinging
Batting: LHB Calvin Hardman 0-0: Swinging Strike
0-1: Foul Ball, location: 2F
0-2: Foul Ball, location: 2F
0-2: Ball
1-2: SINGLE (Line Drive, 8LS, EV 106.2 MPH)
Batting: RHB Korbin Gonzales 0-0: Ball
1-0: Ball
Calvin Hardman is caught stealing 2nd base 2-4
Top of the 2nd over - 0 runs, 1 hit, 0 errors, 0 left on base; Oklahoma State 0 - Louisiana State 1
BOTTOM OF THE 2ND
Louisiana State Tigers batting - Pitching for Oklahoma State Cowboys : RHP Tom Jones
Batting: RHB Damian Evans 0-0: Foul Ball, location: 2F
0-1: Ball
1-1: Foul Ball, location: 2F
1-2: Fly out, F8 (Flyball, 78D, EV 78.1 MPH)
Batting: RHB Joey Walker 0-0: Swinging Strike
0-1: Foul Ball, location: 2F
0-2: Ball
1-2: Foul Ball, location: 2F
1-2: Fly out, F7 (Line Drive, 7LM, EV 109.4 MPH)
Batting: SHB Darrin Meck 0-0: Foul Ball, location: 2F
0-1: Foul Ball, location: 2F
0-2: Ball
1-2: Strikes out swinging
Bottom of the 2nd over - 0 runs, 0 hits, 0 errors, 0 left on base; Oklahoma State 0 - Louisiana State 1
TOP OF THE 3RD
Oklahoma State Cowboys batting - Pitching for Louisiana State Tigers : LHP Ben Williams
Batting: RHB Korbin Gonzales 0-0: Ground out 5-3 (Groundball, 56, EV 91.2 MPH)
Batting: LHB Bernard Minser 0-0: Ball
1-0: Ball
2-0: Ball
3-0: Called Strike
3-1: SINGLE (Line Drive, 34D, EV 99.4 MPH)
Batting: RHB Roscoe Carroll 0-0: Called Strike
0-1: Foul Ball, location: 2F
0-2: Ball
1-2: Ball
2-2: 2-RUN HOME RUN (Flyball, 7LD, EV 100.0 MPH), Distance : 373 ft
Batting: SHB Julian Thrash 0-0: Called Strike
0-1: Foul Ball, location: 2F
0-2: Ball
1-2: Ground out 5-3 (Groundball, 56, EV 91.2 MPH)
Batting: LHB Al Damiani 0-0: Ball
1-0: Fly out, F7 (Flyball, 7, EV 85.6 MPH)
Top of the 3rd over - 2 runs, 2 hits, 0 errors, 0 left on base; Oklahoma State 2 - Louisiana State 1
BOTTOM OF THE 3RD
Louisiana State Tigers batting - Pitching for Oklahoma State Cowboys : RHP Tom Jones
Batting: SHB Jesse Gabrielson 0-0: Ball
1-0: Called Strike
1-1: Ball
2-1: Swinging Strike
2-2: Fly out, F8 (Flyball, 8LM, EV 77.5 MPH)
Batting: SHB Ishmael Robertson 0-0: Fly out, F8 (Line Drive, 78M, EV 93.1 MPH)
Batting: LHB James Brown 0-0: Ball
1-0: Foul Ball, location: 2F
1-1: Swinging Strike
1-2: Strikes out swinging
Bottom of the 3rd over - 0 runs, 0 hits, 0 errors, 0 left on base; Oklahoma State 2 - Louisiana State 1
TOP OF THE 4TH
Oklahoma State Cowboys batting - Pitching for Louisiana State Tigers : LHP Ben Williams
Batting: RHB James Vestal 0-0: Ball
1-0: Foul Ball, location: 2F
1-1: Foul Ball, location: 2F
1-2: Ball
2-2: Strikes out swinging
Batting: LHB Tyrone Beil 0-0: Ball
1-0: Called Strike
1-1: Ball
2-1: Foul Ball, location: 2F
2-2: Foul Ball, location: 2F
2-2: Ball
3-2: Foul Ball, location: 2F
3-2: Base on Balls
Batting: RHB Peyton Acton 0-0: Foul Ball, location: 2F
0-1: Ball
1-1: Fielders Choice at 2nd, 4-6 (Groundball, 4M, EV 87.5 MPH)
Batting: LHB Calvin Hardman 0-0: Swinging Strike
0-1: Called Strike
0-2: Ball
1-2: Ground out 4-3 (Groundball, 4, EV 101.2 MPH)
Top of the 4th over - 0 runs, 0 hits, 0 errors, 1 left on base; Oklahoma State 2 - Louisiana State 1
BOTTOM OF THE 4TH
Louisiana State Tigers batting - Pitching for Oklahoma State Cowboys : RHP Tom Jones
Batting: RHB Darien Kerstetter 0-0: Swinging Strike
0-1: Swinging Strike
0-2: Fly out, F9 (Flyball, 9D, EV 110.0 MPH)
Batting: RHB Alan Mullally 0-0: Fly out, F8 (Flyball, 8RD, EV 103.8 MPH)
Batting: SHB Malcolm Smith 0-0: DOUBLE (Flyball, 7LD, EV 96.2 MPH)
Batting: RHB Damian Evans 0-0: Ball
1-0: Called Strike
1-1: Called Strike
1-2: Ball
2-2: Strikes out swinging
Bottom of the 4th over - 0 runs, 1 hit, 0 errors, 1 left on base; Oklahoma State 2 - Louisiana State 1
TOP OF THE 5TH
Oklahoma State Cowboys batting - Pitching for Louisiana State Tigers : LHP Ben Williams
Batting: RHB Korbin Gonzales 0-0: Swinging Strike
0-1: Called Strike
0-2: Foul Ball, location: 2F
0-2: Ball
1-2: Strikes out swinging
Batting: LHB Bernard Minser 0-0: Ball
1-0: Called Strike
1-1: Ball
2-1: Called Strike
2-2: Ball
3-2: Foul Ball, location: 2F
3-2: Base on Balls
Pitching: LHP Jessie Stephen
Batting: RHB Roscoe Carroll 0-0: Ball
Bernard Minser is caught stealing 2nd base 2-4
1-0: Ball
2-0: Ball
3-0: Called Strike
3-1: Swinging Strike
3-2: Base on Balls
Batting: SHB Julian Thrash 0-0: Fly out, F9 (Flyball, 89M, EV 91.2 MPH)
Top of the 5th over - 0 runs, 0 hits, 0 errors, 1 left on base; Oklahoma State 2 - Louisiana State 1
BOTTOM OF THE 5TH
Louisiana State Tigers batting - Pitching for Oklahoma State Cowboys : RHP Tom Jones
Batting: RHB Joey Walker 0-0: Ball
1-0: Ball
2-0: Ball
3-0: Called Strike
3-1: Foul Ball, location: 2F
3-2: SINGLE (Line Drive, 4MD, EV 98.1 MPH)
Batting: SHB Darrin Meck 0-0: Ball
Joey Walker is caught stealing 2nd base 2-6
1-0: Ball
2-0: Called Strike
2-1: Ball
3-1: Foul Ball, location: 2F
3-2: Foul Ball, location: 2F
3-2: Foul Ball, location: 2F
3-2: Fly out, F7 (Flyball, 78M, EV 92.5 MPH)
Batting: SHB Jesse Gabrielson 0-0: Fly out, F8 (Flyball, 8RM, EV 85.6 MPH)
Bottom of the 5th over - 0 runs, 1 hit, 0 errors, 0 left on base; Oklahoma State 2 - Louisiana State 1
TOP OF THE 6TH
Oklahoma State Cowboys batting - Pitching for Louisiana State Tigers : LHP Jessie Stephen
Batting: LHB Al Damiani 0-0: Ball
1-0: Ball
2-0: Called Strike
2-1: Ball
3-1: Base on Balls
Batting: RHB James Vestal 0-0: Ball
1-0: Called Strike
1-1: Foul Ball, location: 2F
1-2: Ball
2-2: Grounds into double play, 6-4-3 (Groundball, 6, EV 90.0 MPH)
Batting: LHB Tyrone Beil 0-0: Called Strike
0-1: Ball
1-1: SINGLE (Groundball, 4MD, EV 99.4 MPH)
Batting: RHB Peyton Acton 0-0: Ball
1-0: Foul Ball, location: 2F
1-1: Ball
2-1: Foul Ball, location: 2F
2-2: SINGLE (Groundball, 34D, EV 96.2 MPH)
Tyrone Beil to second
Runner from 2nd tries for 3rd, SAFE, throw by RF made to third
Batting: LHB Calvin Hardman 0-0: Ball
1-0: Ball
2-0: Foul Ball, location: 2F
2-1: Called Strike
2-2: Foul Ball, location: 2F
2-2: Ground out 1-3 (Groundball, 34S, EV 69.4 MPH)
Top of the 6th over - 0 runs, 2 hits, 0 errors, 2 left on base; Oklahoma State 2 - Louisiana State 1
BOTTOM OF THE 6TH
Louisiana State Tigers batting - Pitching for Oklahoma State Cowboys : RHP Tom Jones
Batting: SHB Ishmael Robertson 0-0: Ball
1-0: Foul Ball, location: 2F
1-1: DOUBLE (Line Drive, 8RD, EV 108.8 MPH)
Batting: LHB James Brown 0-0: Ball
1-0: Called Strike
1-1: Ball
2-1: Swinging Strike
2-2: Foul Ball, location: 2F
2-2: Ball
3-2: Strikes out swinging
Batting: RHB Darien Kerstetter 0-0: Fly out, F9 (Line Drive, 89D, EV 90.6 MPH)
Runner from 2nd tags up, SAFE at 3rd, no throw by RF
Batting: RHB Alan Mullally 0-0: Ground out 4-3 (Groundball, 4, EV 99.4 MPH)
Bottom of the 6th over - 0 runs, 1 hit, 0 errors, 1 left on base; Oklahoma State 2 - Louisiana State 1
TOP OF THE 7TH
Oklahoma State Cowboys batting - Pitching for Louisiana State Tigers : LHP Jessie Stephen
Batting: RHB Korbin Gonzales 0-0: SOLO HOME RUN (Flyball, 9D, EV 96.2 MPH), Distance : 374 ft
Batting: LHB Bernard Minser 0-0: Ball
1-0: Ball
2-0: Ground out 6-3 (Groundball, 6MS, EV 71.2 MPH)
Batting: RHB Roscoe Carroll 0-0: Foul Ball, location: 2F
0-1: Foul Ball, location: 2F
0-2: Ball
1-2: Strikes out swinging
Batting: SHB Julian Thrash 0-0: Fly out, F8 (Flyball, 8LD, EV 103.8 MPH)
Top of the 7th over - 1 run, 1 hit, 0 errors, 0 left on base; Oklahoma State 3 - Louisiana State 1
BOTTOM OF THE 7TH
Louisiana State Tigers batting - Pitching for Oklahoma State Cowboys : RHP Tom Jones
Batting: SHB Malcolm Smith 0-0: Ball
1-0: SINGLE (Groundball, 34D, EV 87.5 MPH) (infield hit)
Batting: RHB Damian Evans 0-0: Called Strike
0-1: SINGLE (Line Drive, 89S, EV 111.2 MPH)
Malcolm Smith to second
Batting: RHB Joey Walker 0-0: Ball
1-0: Sac Bunt to 2R - play at first, batter OUT! 2-4
Malcolm Smith to third
Damian Evans to second
Pitching: RHP Davon Rogers
Batting: SHB Darrin Meck 0-0: Ball
1-0: Fly out, F8 (Flyball, 8LD, EV 98.1 MPH)
Runner from 3rd tags up, SCORES, throw by CF
Damian Evans to third
Batting: SHB Jesse Gabrielson 0-0: Swinging Strike
0-1: Ground out 4-3 (Groundball, 4, EV 82.5 MPH)
Bottom of the 7th over - 1 run, 2 hits, 0 errors, 1 left on base; Oklahoma State 3 - Louisiana State 2
TOP OF THE 8TH
Oklahoma State Cowboys batting - Pitching for Louisiana State Tigers : LHP Jessie Stephen
Batting: LHB Al Damiani 0-0: Ball
1-0: Ball
2-0: Ball
3-0: Called Strike
3-1: Base on Balls
Pitching: RHP Julian Faulconer
Batting: RHB James Vestal 0-0: Called Strike
0-1: Swinging Strike
0-2: Foul Ball, location: 2F
0-2: Strikes out swinging
Pitching: LHP Calvin Wood
Batting: LHB Tyrone Beil 0-0: Called Strike
0-1: Foul Ball, location: 2F
0-2: Grounds into double play, 6-4-3 (Groundball, 6, EV 85.0 MPH)
Top of the 8th over - 0 runs, 0 hits, 0 errors, 0 left on base; Oklahoma State 3 - Louisiana State 2
BOTTOM OF THE 8TH
Louisiana State Tigers batting - Pitching for Oklahoma State Cowboys : RHP Davon Rogers
Batting: SHB Ishmael Robertson 0-0: Ball
1-0: Ball
2-0: Called Strike
2-1: Foul Ball, location: 2F
2-2: Fly out, F7 (Line Drive, 78M, EV 98.8 MPH)
Batting: SHB Jesse Strong 0-0: Ball
1-0: Foul Ball, location: 2F
1-1: Ball
2-1: Ground out 6-3 (Groundball, 4MS, EV 78.8 MPH)
Batting: RHB Darien Kerstetter 0-0: DOUBLE (Line Drive, 7LS, EV 107.5 MPH)
Pitching: RHP Peter Pszeniczny
Batting: RHB Alan Mullally 0-0: Called Strike
0-1: Called Strike
0-2: Ball
1-2: Strikes out swinging
Bottom of the 8th over - 0 runs, 1 hit, 0 errors, 1 left on base; Oklahoma State 3 - Louisiana State 2
TOP OF THE 9TH
Oklahoma State Cowboys batting - Pitching for Louisiana State Tigers : LHP Calvin Wood
Pitching: RHP Tipton Erwin
Batting: RHB Peyton Acton 0-0: Called Strike
0-1: Foul Ball, location: 2F
0-2: Ball
1-2: Ball
2-2: Strikes out swinging
Batting: LHB Calvin Hardman 0-0: Ball
1-0: Fly out, F9 (Flyball, 89D, EV 95.0 MPH)
Batting: RHB Korbin Gonzales 0-0: Ball
1-0: Called Strike
1-1: Called Strike
1-2: Foul Ball, location: 2F
1-2: Ball
2-2: Strikes out swinging
Top of the 9th over - 0 runs, 0 hits, 0 errors, 0 left on base; Oklahoma State 3 - Louisiana State 2
BOTTOM OF THE 9TH
Louisiana State Tigers batting - Pitching for Oklahoma State Cowboys : RHP Peter Pszeniczny
Pitching: RHP Dante Wood
Batting: SHB Malcolm Smith 0-0: Ball
1-0: Ball
2-0: Called Strike
2-1: Called Strike
2-2: SINGLE (Groundball, 34D, EV 94.4 MPH)
Batting: RHB Damian Evans 0-0: Swinging Strike
0-1: Foul Ball, location: 2F
0-2: Foul Ball, location: 2F
0-2: Foul Ball, location: 2F
0-2: Ball
1-2: Ball
2-2: Strikes out swinging
Batting: RHB Joey Walker 0-0: Called Strike
0-1: Swinging Strike
0-2: Ball
1-2: Foul Ball, location: 2F
1-2: SINGLE (Groundball, 6M, EV 85.6 MPH) (infield hit)
Malcolm Smith to second
Batting: SHB Darrin Meck 0-0: Ball
1-0: Called Strike
1-1: Called Strike
1-2: Ball
2-2: Ball
3-2: Foul Ball, location: 2F
3-2: SINGLE (Groundball, 3S, EV 67.5 MPH) (infield hit)
Malcolm Smith to third
Joey Walker to second
Pinch Hitting: RHB Frank McCullough 0-0: Ball
1-0: Ball
Wild Pitch!
Malcolm Smith scores
Joey Walker to third
Darrin Meck to second
2-0: Ball
3-0: Called Strike
3-1: Base on Balls
Batting: SHB Ishmael Robertson 0-0: Ball
1-0: Ball
2-0: Called Strike
2-1: Foul Ball, location: 2F
2-2: Strikes out looking
Pitching: RHP Lawrence Farish
Batting: SHB Jesse Strong 0-0: Ball
1-0: Foul Ball, location: 2F
1-1: Swinging Strike
1-2: Strikes out swinging
Bottom of the 9th over - 1 run, 3 hits, 0 errors, 3 left on base; Oklahoma State 3 - Louisiana State 3
TOP OF THE 10TH
Oklahoma State Cowboys batting - Pitching for Louisiana State Tigers : RHP Tipton Erwin
Now at 2B: Braiden Watters
Batting: LHB Bernard Minser 0-0: Called Strike
0-1: Ball
1-1: DOUBLE (Line Drive, 7LM, EV 106.2 MPH)
Batting: RHB Roscoe Carroll 0-0: Intentional Walk
Batting: SHB Julian Thrash 0-0: Ball
1-0: Reached on error, E4 (Groundball, 4MS, EV 66.2 MPH)
Bernard Minser to third
Roscoe Carroll to second
Batting: LHB Al Damiani 0-0: Called Strike
0-1: Fly out, F9 (Flyball, 9S, EV 75.0 MPH)
Runner from 3rd tags up, SCORES, throw by RF
Batting: RHB James Vestal 0-0: Called Strike
0-1: Ball
1-1: Ball
Wild Pitch!
Roscoe Carroll to third
Julian Thrash to second
2-1: Foul Ball, location: 2F
2-2: Foul Ball, location: 2F
2-2: Strikes out swinging
Batting: LHB Tyrone Beil 0-0: Called Strike
0-1: Ball
1-1: Foul Ball, location: 2F
1-2: Ball
2-2: DOUBLE (Line Drive, 7LS, EV 98.1 MPH)
Roscoe Carroll scores
Julian Thrash scores
Batting: RHB Peyton Acton 0-0: Fly out, F9 (Flyball, 89S, EV 80.0 MPH)
Top of the 10th over - 3 runs, 2 hits, 1 error, 1 left on base; Oklahoma State 6 - Louisiana State 3
BOTTOM OF THE 10TH
Louisiana State Tigers batting - Pitching for Oklahoma State Cowboys : RHP Lawrence Farish
Batting: RHB Darien Kerstetter 0-0: Fly out, F9 (Line Drive, 9, EV 103.1 MPH)
Batting: RHB Alan Mullally 0-0: Called Strike
0-1: Ball
1-1: Called Strike
1-2: Ball
2-2: SINGLE (Groundball, 6D, EV 97.5 MPH)
Batting: SHB Malcolm Smith 0-0: Ball
1-0: Ball
2-0: Ball
3-0: Called Strike
3-1: Fielders Choice at 2nd, 3-6 (Groundball, 34, EV 78.1 MPH)
Batting: RHB Damian Evans 0-0: Ball
1-0: Ball
2-0: Ball
3-0: Base on Balls
Malcolm Smith to second
Batting: RHB Joey Walker 0-0: Swinging Strike
0-1: Ball
1-1: Ball
2-1: Foul Ball, location: 2F
2-2: Ground out U3 (Groundball, 3, EV 87.5 MPH)
Bottom of the 10th over - 0 runs, 1 hit, 0 errors, 2 left on base; Oklahoma State 6 - Louisiana State 3
Tuesday, April 16th , 2024 - OOTP Baseball 23.10 Build 110